 Dungeon Crawl Stone Soup version 0.31-a0-625-gc9c7e45f3f (webtiles) character file.

Game seed: 18013770263970243487

210 Ijustatesigmund the Trooper (level 5, -1/35 HPs)
             Began as a Gargoyle Fighter on Aug 24, 2023.
             Slain by an orc priest
             ... wielding a +0 hand axe
              (5 damage)
             ... on level 4 of the Dungeon.
             The game lasted 00:03:18 (3150 turns).

Ijustatesigmund the Trooper (Gargoyle Fighter)      Turns: 3150, Time: 00:03:19

Health: -1/35      AC: 10    Str: 20    XL:     5   Next: 88%
Magic:  5/5        EV:  9    Int: 10    God:
Gold:   172        SH:  4    Dex:  9    Spells: 4/4 levels left

rFire   . . .        a - +0 flail
rCold   . . .        c - +0 buckler
rNeg    + . .        b - +0 scale mail
rPois   ∞            (no helmet)
rElec   +            (no cloak)
rCorr   .            (no gloves)
SInv    .            (no boots)
Will    .....        (no amulet) Stlth
                     (no ring)
HPRegen 0.25/turn    (no ring)
MPRegen 0.09/turn

%: no passive effects
@: no status effects
A: sickness immunity, AC +4, negative energy resistance 1, electricity
resistance, torment resistance 1, petrification resistance
a: no special abilities


You were on level 4 of the Dungeon.
You visited 1 branch of the dungeon, and saw 4 of its levels.

You collected 172 gold pieces.

Inventory:

Hand Weapons
 a - a +0 flail (weapon)
Armour
 b - a +0 scale mail (worn)
 c - a +0 buckler (worn)
Talismans
 n - a blade talisman
Scrolls
 f - 3 scrolls of teleportation
Potions
 d - a potion of cancellation
 g - 4 potions of curing
 h - 2 potions of enlightenment
 j - 2 potions of haste
 k - a potion of resistance
 l - a potion of attraction
 m - 2 potions of invisibility
 p - a potion of ambrosia


   Skills:
 + Level 5.4 Fighting
 + Level 4.3 Maces & Flails
 - Level 3.2 Armour
 - Level 3.2 Shields


You had 4 spell levels left.
You didn't know any spells.
Your spell library contained the following spells:

 Spells                   Type           Power      Damage    Failure   Level
 Ozocubu's Armour         Ice            0%         N/A       99%         3
 Metabolic Englaciation   Hex/Ice        0%         N/A       100%        5
 Simulacrum               Ice/Necr       0%         N/A       100%        6


Dungeon Overview and Level Annotations

Branches:
Dungeon (4/15)
 Temple: D:4-7

Altars:

Shops:
D:4 *


Innate Abilities, Weirdness & Mutations

You are immune to sickness and miasma.
Your stone body is resilient. (AC +4)
You are immune to poison.
You resist negative energy. (rN+)
You are resistant to electric shocks. (rElec)
You are resistant to unholy torment.
You are immune to petrification.


Message History

You sock something! Something hits you but does no damage.
You hit something but do no damage. Something hits you but does no damage.
You closely miss something.
You hear some strange, mumbled words.
You are confused.
An orc priest comes into view. It is wielding a +0 hand axe.
You hear some strange, mumbled words.
A magic dart appears from out of thin air!
The magic dart hits you.
The orc priest shouts!
You miss something.
You hear some strange, mumbled words.
A magic dart appears from out of thin air!
The magic dart hits you but does no damage.
Something hits you but does no damage.
You're too confused to move!
Something hits you but does no damage.
You bump into the rock wall.
Something hits you but does no damage.
The orc priest miscasts a cantrip.
You feel less confused.
The orc priest invokes the aid of Beogh against you.
Beogh smites you!
You hit the orc priest.
The orc priest is lightly wounded.
The orc priest hits you with a +0 hand axe!
* * * LOW HITPOINT WARNING * * *
You hit the orc priest.
The orc priest is heavily wounded.
You block the orc's attack. The orc priest barely misses you.
You barely miss the orc priest.
The orc priest is heavily wounded.
The orc priest hits you with a +0 hand axe.
* * * LOW HITPOINT WARNING * * *
You barely miss the orc priest.
The orc priest is heavily wounded.
An endoplasm comes into view.
The orc barely misses you. The orc priest barely misses you.
Something hits you.
* * * LOW HITPOINT WARNING * * *
The orc priest hits you with a +0 hand axe.
You die...

#.# #.......##.#...
#.#######.#.#...#...
#.......>...........
#..####.###.#...#...
#...........#.#.#...
#...###.#......<....
#...#...#....<#.#.##
#..o........#.#.#.##
#o.@o...........†..)
#.####.J⌠..##.#.#.##
#..oo......##.#)#.##
######.....##.#.....
#...###.##.... #.#.#
#.##.... o#.#
##...... .. o #####


You could see an orc priest, 2 orcs and an endoplasm (wandering).

Vanquished Creatures
  A scorpion (D:2)
  4 gnolls (D:3)
  4 adders
  A worm (D:2)
  2 dart slugs (D:2)
  3 orcs
  4 bats
  10 endoplasms
  2 giant cockroaches (D:1)
  7 goblins
  6 hobgoblins
  2 kobolds
  3 quokkas
  8 ball pythons
  2 frilled lizards (D:1)
  6 rats
65 creatures vanquished.

Notes
Turn   | Place    | Note
-------+----------+-------------------------------------------
     0 | D:1      | Ijustatesigmund the Gargoyle Fighter began the quest for
                  | the Orb.
     0 | D:1      | Reached XP level 1. HP: 14/14 MP: 1/1
   160 | D:1      | Reached XP level 2. HP: 19/19 MP: 2/2
   999 | D:2      | Reached skill level 4 in Fighting
   999 | D:2      | Reached XP level 3. HP: 24/24 MP: 3/3
  1363 | D:2      | Reached XP level 4. HP: 30/30 MP: 4/4
  1398 | D:2      | Noticed a scorpion
  1407 | D:2      | Killed a scorpion
  1408 | D:2      | Reached XP level 5. HP: 21/34 MP: 5/5
  1783 | D:3      | Reached skill level 5 in Fighting
  2040 | D:3      | Identified the +1 leather armour "Beisk" {+Inv Regen+
                  | rCorr}
  2279 | D:3      | Noticed an orc warrior
  3063 | D:4      | Found Lets's Elemental Accessories.
  3150 | D:4      | Slain by an orc priest

Illustrated notes

Levels and vault maps discovered:
D:1:      wheals_arrival_linesprint, layout_loops_ring,
          minmay_misc_feat_more_columns
D:2:      layout_basic, minmay_misc_feat_hallway, minmay_heptomino_w4
D:3:      layout_loops_corners, chequers_mini_garden, lightli_corner_chamber
D:4:      layout_basic, serial_corexii_hall, chequers_hall_statues_corner_a,
          chequers_hall_statues_y, solitary_fountain, nicolae_elemental_shop,
          minmay_fire_ice_demons, uniq_sigmund, uniq_blork_the_orc

Skill      XL: |  1  2  3  4  5 |
---------------+----------------+-----
Fighting       | 4 5 |  5.4
Maces & Flails | 3 4 |  4.3
Armour         | |  3.2
Shields        | |  3.2

Action                     |  1- 3 |  4- 6 || total
---------------------------+-------+-------++-------
  Melee: Flail             |    92 |   117 ||   209
    Use: Scroll            |       |    11 ||    11
         Potion            |       |     1 ||     1
 Armour: Scale mail        |    48 |    61 ||   109
  Dodge: Dodged            |    54 |    59 ||   113
  Block: Buckler           |    12 |    24 ||    36

Table legend: (Time is in decaauts)
 A = Elapsed time spent in this place.
 B = Non-inter-level travel time spent in this place.
 C = Inter-level travel time spent in this place.
 D = Time resting spent in this place.
 E = Time spent auto-exploring this place.
 F = Levels seen in this place.
 G = Mean time per level.
                   A        B        C        D        E       F      G
               +--------+--------+--------+--------+--------+-----+--------+
         Total |   3204 |   2959 |    245 |    357 |   2092 |   4 |  801.0 |
       Dungeon |   3204 |   2959 |    245 |    357 |   2092 |   4 |  801.0 |
               +--------+--------+--------+--------+--------+-----+--------+

Top non-repeatable levels by time:
     D:3: 1305 daAuts
     D:1: 1002 daAuts
     D:2: 702 daAuts
     D:4: 194 daAuts
